 Dungeon Crawl Stone Soup version 0.31.0 (webtiles) character file.

Game seed: 12322317158038105076

97 qw the Shooter (level 4, 0/28 HPs)
             Began as a Gargoyle Hunter on Jan 19, 2024.
             Slain by a gnoll
             ... wielding a +1 spear of venom
              (2 damage)
             ... on level 2 of the Dungeon.
             The game lasted 00:00:06 (1714 turns).

qw the Shooter (Gargoyle Hunter)                    Turns: 1714, Time: 00:00:06

Health: 0/28       AC:  6    Str: 15    XL:     4   Next: 68%
Magic:  4/4        EV: 11    Int:  9    God:
Gold:   104        SH:  0    Dex: 15    Spells: 3/3 levels left

rFire   . . .        a - +0 shortbow
rCold   . . .        (shield currently unavailable)
rNeg    + . .        c - +0 leather armour
rPois   inf          (no helmet)
rElec   +            (no cloak)
rCorr   .            (no gloves)
SInv    .            (no boots)
Will    .....        (no amulet)
Stlth   ++           (no ring)
HPRegen 0.24/turn    (no ring)
MPRegen 0.09/turn

%: no passive effects
@: no status effects
A: sickness immunity, AC +3, negative energy resistance 1, electricity
resistance, torment resistance 1, petrification resistance
a: no special abilities


You were on level 2 of the Dungeon.
You visited 1 branch of the dungeon, and saw 2 of its levels.

You collected 104 gold pieces.


Innate Abilities, Weirdness & Mutations

You are immune to sickness and miasma.
Your stone body is resilient. (AC +3)
You are immune to poison.
You resist negative energy. (rN+)
You are resistant to electric shocks. (rElec)
You are resistant to unholy torment.
You are immune to petrification.


   Skills:
 - Level 3.0 Fighting
 + Level 5.6 Ranged Weapons
 - Level 1.5 Dodging
 - Level 1.1 Stealth


You had 3 spell levels left.
You didn't know any spells.
Your spell library was empty.

Inventory:

Hand Weapons
 a - a +0 shortbow (weapon)
Armour
 b - a +0 ring mail
 c - a +0 leather armour (worn)
Scrolls
 g - a scroll of enchant armour {unknown}
Potions
 d - a potion of mutation
 e - a potion of attraction {unknown}
 f - 2 potions of curing {unknown}

Dungeon Overview and Level Annotations

Branches:
Dungeon (2/15)

Altars:


Message History

You kill the gnoll!
1659 ||| FLEEEEING.
You start resting.
HP restored.
A gnoll comes into view. It is wielding a +0 whip.
The gnoll shouts!
You hear a shout!
A gnoll comes into view. It is wielding a +1 spear of venom.
You shoot an arrow.
The arrow hits the gnoll but does no damage.
You shoot an arrow. The arrow hits the gnoll.
The gnoll is moderately wounded.
The gnoll closely misses you. The gnoll hits you but does no damage.
You shoot an arrow. The arrow barely misses the gnoll.
The gnoll closely misses you.
The gnoll hits you from afar with a +1 spear of venom.
You shoot an arrow.
The arrow hits the gnoll but does no damage.
The gnoll is moderately wounded.
The gnoll hits you with a +0 whip. The gnoll closely misses you.
You shoot an arrow. The arrow barely misses the gnoll.
The gnoll barely misses you.
The gnoll hits you from afar with a +1 spear of venom.
You shoot an arrow. The arrow hits the gnoll.
The gnoll is heavily wounded.
The gnoll hits you but does no damage. The gnoll closely misses you.
You shoot an arrow. The arrow closely misses the gnoll.
The gnoll closely misses you.
The gnoll hits you from afar with a +1 spear of venom.
You shoot an arrow. The arrow barely misses the gnoll.
The gnoll closely misses you. The gnoll misses you.
You shoot an arrow. The arrow hits the gnoll.
The gnoll is almost dead.
The gnoll hits you with a +0 whip.
The gnoll hits you from afar with a +1 spear of venom.
The gnoll closely misses you.
The gnoll hits you from afar with a +1 spear of venom.
You shoot an arrow. The arrow hits the gnoll.
You kill the gnoll!
The gnoll hits you from afar with a +1 spear of venom.
You die...

#....##...# #...#
#########....).###
#...#
....#.....>..###
#...#
###.#.######## ##
#...# #.# .# #####
#.#############.#
#.(...........#g#
######..#####.#)#
#........@$#
#.######.###
#......).#
##########


You could see a gnoll.

Vanquished Creatures
  2 gnolls (D:2)
  3 adders (D:2)
  2 ribbon worms (D:2)
  2 dart slugs
  5 endoplasms
  9 goblins (D:2)
  4 hobgoblins (D:2)
  3 jackals (D:1)
  2 quokkas
  4 ball pythons
  8 bats
  2 frilled lizards (D:2)
  5 rats (D:1)
51 creatures vanquished.

Notes
Turn   | Place    | Note
-------+----------+-------------------------------------------
     0 | D:1      | qw the Gargoyle Hunter began the quest for the Orb.
     0 | D:1      | Reached XP level 1. HP: 12/12 MP: 1/1
     0 | D:1      | 0 ||| qw: Version: 0.3-a-132-g3d54051
     0 | D:1      | 0 ||| qw: Game counter: 173
     0 | D:1      | 0 ||| qw: Melee chars always use a shield: true
     0 | D:1      | 0 ||| qw: God list: Okawaru
     0 | D:1      | 0 ||| qw: Allow faded altars: false
     0 | D:1      | 0 ||| qw: Do Orc after clearing Dungeon:15 true
     0 | D:1      | 0 ||| qw: Do second Lair branch before Depths: true
     0 | D:1      | 0 ||| qw: Lair rune preference: random
     0 | D:1      | 0 ||| qw: Goals: Normal
     0 | D:1      | 0 ||| PLANNING D:1-11
   302 | D:1      | Reached XP level 2. HP: 13/17 MP: 2/2
   864 | D:1      | Reached XP level 3. HP: 21/21 MP: 3/3
   980 | D:1      | 980 ||| READING 3 scrolls labelled RAEWNO QIQUOG.
   980 | D:1      | 980 ||| IDENTIFYING emerald potion
   981 | D:1      | 981 ||| READING 2 scrolls of identify.
   981 | D:1      | 981 ||| IDENTIFYING bubbling white potion
   982 | D:1      | 982 ||| READING scroll of identify.
   982 | D:1      | 982 ||| IDENTIFYING metallic grey potion
   983 | D:1      | 983 ||| READING scroll labelled SIBOONIRGHU.
   984 | D:1      | 984 ||| DROPPING scroll of butterflies.
   985 | D:1      | 985 ||| DROPPING potion of brilliance.
   986 | D:1      | 986 ||| DROPPING potion of magic.
  1011 | D:2      | Reached skill level 5 in Ranged Weapons
  1085 | D:2      | 1085 ||| FLEEEEING.
  1127 | D:2      | Reached skill level 3 in Fighting
  1293 | D:2      | Reached XP level 4. HP: 28/28 MP: 4/4
  1296 | D:2      | 1296 ||| FLEEEEING.
  1659 | D:2      | 1659 ||| FLEEEEING.
  1713 | D:2      | HP: 5/28 [gnoll/+1 spear of venom (4)]
  1713 | D:2      | HP: 2/28 [gnoll/+1 spear of venom (3)]
  1714 | D:2      | Slain by a gnoll

Levels and vault maps discovered:
D:1:      pf_arrival_petrified_forest, layout_basic
D:2:      cheibrodos_greedy_goblins, layout_basic, minivault_26

Skill      XL: |  1  2  3 |
---------------+----------+-----
Ranged Weapons | 5 |  5.6
Fighting       | 3 |  3.0
Dodging        | |  1.5
Stealth        | |  1.1

Action                     |  1- 3 |  4- 6 || total
---------------------------+-------+-------++-------
   Fire: Shortbow          |    94 |    55 ||   149
    Use: Scroll            |     4 |       ||     4
 Armour: Leather armour    |    33 |    35 ||    68
  Dodge: Dodged            |    34 |    26 ||    60

Table legend:
 A = Non-vault XP
 B = Vault XP
 C = Vault XP percentage of total XP
 D = Non-vault monster count
 E = Vault monster count
 F = Vault count percentage of total count
                 A         B        C        D         E       F
            +---------+---------+-------+---------+---------+-------
      Total |     135 |      19 |  12.3 |      41 |      10 |  19.6
            +---------+---------+-------+---------+---------+-------
        D:1 |      34 |       0 |   0.0 |      21 |       0 |   0.0
        D:2 |     101 |      19 |  15.8 |      20 |      10 |  33.3
            +---------+---------+-------+---------+---------+-------
